 Dungeon Crawl Stone Soup version 0.27-a0-419-g7a85846853 (webtiles) character file.

Game seed: 10819743493557044839

9 Chiseanne the Skirmisher (level 2, 24/24 HPs)
             Began as a Demonspawn Wanderer on Feb 26, 2021.
             Quit the game on level 1 of the Dungeon.
             The game lasted 00:00:28 (233 turns).

Chiseanne the Skirmisher (Demonspawn Wanderer)       Turns: 233, Time: 00:00:29

Health: 24/24      AC:  8    Str: 13    XL:     2   Next: 3%
Magic:  2/2        EV:  5    Int: 14    God:
Gold:   20         SH:  0    Dex: 10    Spells: 0/1 levels left

rFire    . . .     SeeInvis .   a - +2 dagger
rCold    . . .     Faith    .   (no shield)
rNeg     . . .     Spirit   .   f - +0 chain mail
rPois    .         Reflect  .   (no helmet)
rElec    .         Harm     .   (no cloak)
rCorr    .         Rampage  .   (no gloves)
Will     .....                  (no boots)
Stlth    ..........             (no amulet)
HPRegen  0.08/turn              (no ring)
MPRegen  0.08/turn              (no ring)

@: no status effects
A: talons 1
a: no special abilities


You were on level 1 of the Dungeon.
You visited 1 branch of the dungeon, and saw 1 of its levels.

You collected 20 gold pieces.

Inventory:

Hand Weapons
 a - a +2 dagger (weapon)
Missiles
 b - 4 curare-tipped darts (quivered)
Armour
 f - a +0 chain mail (worn)
Scrolls
 c - a scroll of magic mapping {unknown}
 e - a scroll of identify {unknown}
Potions
 d - a potion of curing


   Skills:
 * Level 3.2 Fighting
 - Level 1.7 Short Blades
 - Level 1.0 Throwing
 * Level 0.6 Armour
 * Level 0.7 Dodging
 - Level 1.0 Translocations
 - Level 1.7 Air Magic
 - Level 1.0 Evocations


You couldn't memorise any spells.
You knew the following spells:

 Your Spells              Type           Power        Failure   Level
a - Sandblast             Erth           0%           100%        1

Your spell library contained the following spells:

 Spells                   Type           Power        Failure   Level
 Stone Arrow              Conj/Erth      0%           100%        3


Dungeon Overview and Level Annotations

Branches:
Dungeon (1/15)

Altars:


Innate Abilities, Weirdness & Mutations

You have sharp toenails.


Message History

You now have 20 gold pieces (gained 1).
A goblin comes into view. It is wielding a +0 dagger.
The goblin hits you but does no damage.
You hit the goblin but do no damage. The goblin hits you but does no damage.
You hit the goblin.
The goblin is moderately wounded.
The goblin hits you but does no damage.
You hit the goblin.
You kill the goblin!
No target in view!
No target in view!
No target in view!
No target in view!
No target in view!
No target in view!
No target in view!
No target in view!
No target in view!
No target in view!
No target in view!
No target in view!
No target in view!
Things that are here:
a +0 dagger; a goblin corpse A hobgoblin comes into view.
It is wielding a +0 club.
The hobgoblin shouts!
Found 14 arrows.
The hobgoblin hits you but does no damage.
You hit the hobgoblin.
The hobgoblin is almost dead.
The hobgoblin hits you but does no damage.
Your chain mail prevents you from hitting the hobgoblin.
The hobgoblin is almost dead.
The hobgoblin barely misses you.
You hit the hobgoblin.
You kill the hobgoblin!
You have reached level 2!
Your demonic ancestry asserts itself...
Your toenails lengthen and sharpen.
Are you sure you want to abandon this character and quit the game? (Confirm with "yes".)

#.....#######
#####....#
#)...# #....#
#....# #....#
#....# #....#
#@...# #)...#
#....# ....##
###.# .( #.#
.#


There were no monsters in sight!

Vanquished Creatures
  A bat (D:1)
  A giant cockroach (D:1)
  A goblin (D:1)
  A hobgoblin (D:1)
  A kobold (D:1)
  3 rats (D:1)
8 creatures vanquished.

Notes
Turn   | Place    | Note
-------+----------+-------------------------------------------
     0 | D:1      | Chiseanne the Demonspawn Wanderer began the quest for the
                  | Orb.
     0 | D:1      | Chiseanne set off with the following items: a +2 dagger, 4
                  | curare-tipped darts, a potion of curing, a +0 robe; and the
                  | following spell memorised: Sandblast; and the following
                  | spells available to memorise: Stone Arrow
     0 | D:1      | Reached XP level 1. HP: 18/18 MP: 1/1
   233 | D:1      | Gained mutation: You have sharp toenails. [demonic
                  | ancestry]
   233 | D:1      | Reached XP level 2. HP: 24/24 MP: 2/2
   233 | D:1      | Quit the game

Illustrated notes

Levels and vault maps discovered:
D:1:      dpeg_arrival_long_road, layout_basic

Action                   || total
-------------------------++-------
Melee: Dagger            ||    29
Armor: Chain mail        ||    18
Dodge: Dodged            ||     6

Table legend: (Time is in decaauts)
 A = Elapsed time spent in this place.
 B = Non-inter-level travel time spent in this place.
 C = Inter-level travel time spent in this place.
 D = Time resting spent in this place.
 E = Time spent auto-exploring this place.
 F = Levels seen in this place.
 G = Mean time per level.
                   A        B        C        D        E       F      G
               +--------+--------+--------+--------+--------+-----+--------+
         Total |    230 |    230 |      0 |      0 |    163 |   1 |  230.0 |
       Dungeon |    230 |    230 |      0 |      0 |    163 |   1 |  230.0 |
               +--------+--------+--------+--------+--------+-----+--------+

Top non-repeatable levels by time:
     D:1: 230 daAuts
